 Dungeon Crawl Stone Soup version 0.31-a0-174-g85c54bcb58 (webtiles) character file.

Game seed: 12147135879161508687

102 innerfire43 the Ducker (level 4, -2/35 HPs)
             Began as a Demonspawn Monk on June 15, 2023.
             Was a Believer of Wu Jian.
             Killed from afar by an orc wizard (6 damage)
             ... with a puff of flame
             ... on level 3 of the Dungeon.
             The game lasted 00:04:15 (2027 turns).

innerfire43 the Ducker (Demonspawn Monk)            Turns: 2027, Time: 00:04:15

Health: -2/35      AC:  6    Str: 13    XL:     4   Next: 50%
Magic:  4/4        EV: 13    Int: 12    God:    Wu Jian [**....]
Gold:   137        SH:  0    Dex: 15    Spells: 3/3 levels left

rFire   . . .        k - +0 sling (flame)
rCold   . . .        d - orb {light}
rNeg    . . .        b - +0 robe
rPois   .            (no helmet)
rElec   .            (no cloak)
rCorr   .            (no gloves)
SInv    .            (no boots)
Will    .....        (no amulet)
Stlth   +            g - +4 ring of protection
HPRegen 0.25/turn    (no ring)
MPRegen 0.09/turn

%: no passive effects
@: glowing
A: powered by pain 1
a: Renounce Religion, Wall Jump


You were on level 3 of the Dungeon.
You worshipped Wu Jian.
Wu Jian was pleased with you.
You visited 1 branch of the dungeon, and saw 3 of its levels.

You collected 137 gold pieces.

Inventory:

Hand Weapons
 a - a +0 mace
 k - a +0 sling of flaming (weapon)
Armour
 b - a +0 robe (worn)
 d - an orb of light (worn)
Jewellery
 g - a +4 ring of protection (left hand)
Scrolls
 e - a scroll of fog {unknown}
 h - a scroll of identify
 l - a scroll of fear {unknown}
 n - a scroll of noise {unknown}
 o - a scroll of acquirement {unknown}
Potions
 c - a potion of ambrosia
 i - a potion of mutation {unknown}
 m - a potion of haste {unknown}


   Skills:
 - Level 3.0 Fighting
 - Level 3.2 Maces & Flails
 * Level 2.6 Ranged Weapons
 + Level 3.3 Dodging


You had 3 spell levels left.
You didn't know any spells.
Your spell library contained the following spells:

 Spells                   Type           Power      Damage    Failure   Level
 Sandblast                Erth           0%         2d4       32%         1
 Passwall                 Tmut/Erth      0%         N/A       45%         2
 Stone Arrow              Conj/Erth      0%         3d7       69%         3


Dungeon Overview and Level Annotations

Branches:
Dungeon (3/15)

Altars:
Wu Jian

Annotations:
D:3 Grinder


Innate Abilities, Weirdness & Mutations

You sometimes gain a little power by taking damage.


Message History

You shoot a sling bullet. The sling bullet hits the orc wizard.
The sling bullet burns the orc wizard.
The orc wizard is moderately wounded.
The orc wizard hits you with a +0 dagger.
The orc wizard barely misses you.
You shoot a sling bullet.
The sling bullet barely misses the orc wizard.
You feel a little less agile now. The orc wizard barely misses you.
The orc wizard closely misses you.
The orc wizard gestures at you while chanting.
The magic dart hits you.
The orc wizard hits you but does no damage.
You are too injured to fight recklessly!
You are too injured to fight recklessly!
You are too injured to fight recklessly!
Unknown command.
You are too injured to fight recklessly!
You are too injured to fight recklessly!
You shoot a sling bullet. The sling bullet hits the orc wizard.
The sling bullet burns the orc wizard.
The orc wizard is heavily wounded.
The orc wizard hits you with a +0 dagger. x2
You shoot a sling bullet.
The sling bullet hits the orc wizard but does no damage.
The orc wizard is heavily wounded.
The orc wizard points at you and mumbles some strange words.
The puff of flame hits you. The orc wizard casts a spell at you.
The magic dart hits you.
* * * LOW HITPOINT WARNING * * *
The orc wizard closely misses you.
The orc wizard hits you with a +0 dagger.
* * * LOW HITPOINT WARNING * * *
You climb downwards.
Level annotation: Grinder The orc closely misses you.
There is a stone staircase leading up here.
The orc wizard gestures at you while chanting.
The puff of flame hits you.
You die...

.## # .. #. ..#
. #. #..#
..###.##.#.###.
..............#
......oo.......
#..@....>#
##..o....#
#.##o.### ..
..# ##. #.. #.
### #. #.


You could see 2 orc wizards and 2 orcs.

Vanquished Creatures
  An orc priest (D:2)
  3 adders (D:2)
  8 ball pythons
  7 bats (D:1)
  2 endoplasms (D:1)
  2 giant cockroaches
  A goblin (D:1)
  8 hobgoblins
  2 jackals (D:2)
  4 kobolds
  2 quokkas
  3 frilled lizards
  3 rats
46 creatures vanquished.

Notes
Turn   | Place    | Note
-------+----------+-------------------------------------------
     0 | D:1      | innerfire43 the Demonspawn Monk began the quest for the
                  | Orb.
     0 | D:1      | Reached XP level 1. HP: 18/18 MP: 1/1
   222 | D:1      | Gained mutation: You sometimes gain a little power by
                  | taking damage. [demonic ancestry]
   222 | D:1      | Reached XP level 2. HP: 24/24 MP: 2/2
  1113 | D:2      | Reached XP level 3. HP: 29/29 MP: 3/3
  1318 | D:2      | Reached skill level 1 in Ranged Weapons
  1415 | D:2      | Reached XP level 4. HP: 35/35 MP: 4/4
  1637 | D:2      | Found a faded altar of an unknown god.
  1724 | D:2      | Prayed at the altar of an unknown god.
  1724 | D:2      | Became a worshipper of the Wu Jian Council
  1724 | D:2      | Reached * piety under Wu Jian
  1724 | D:2      | Reached ** piety under Wu Jian
  1909 | D:3      | Noticed Grinder
  2027 | D:3      | Killed from afar by an orc wizard

Illustrated notes

Levels and vault maps discovered:
D:1:      dpeg_arrival_ternary, layout_basic
D:2:      layout_basic, shapermc_ecumenical_altar_mp_vishouse,
          chequers_serial_rivers_large_b, corexii_corridor_pit,
          mrwooster_statue_mirror, chequers_serial_rivers_small_a
D:3:      layout_loops_corners, nicolae_overflow_hallway_of_the_gods,
          minmay_pentangle, uniq_grinder

Skill      XL: |  1  2  3 |
---------------+----------+-----
Maces & Flails | 3 |  3.2
Dodging        | 3 |  3.3
Ranged Weapons | 2 |  2.6
Fighting       | |  3.0

Action                     |  1- 3 |  4- 6 || total
---------------------------+-------+-------++-------
  Melee: Mace              |    53 |       ||    53
         Sling             |       |    18 ||    18
   Fire: Sling             |    58 |    32 ||    90
    Use: Scroll            |     3 |       ||     3
         Potion            |       |     3 ||     3
 Armour: Robe              |    16 |    22 ||    38
  Dodge: Dodged            |    60 |    68 ||   128

Table legend: (Time is in decaauts)
 A = Elapsed time spent in this place.
 B = Non-inter-level travel time spent in this place.
 C = Inter-level travel time spent in this place.
 D = Time resting spent in this place.
 E = Time spent auto-exploring this place.
 F = Levels seen in this place.
 G = Mean time per level.
                   A        B        C        D        E       F      G
               +--------+--------+--------+--------+--------+-----+--------+
         Total |   2115 |   1932 |    183 |      0 |   1552 |   3 |  705.0 |
       Dungeon |   2115 |   1932 |    183 |      0 |   1552 |   3 |  705.0 |
               +--------+--------+--------+--------+--------+-----+--------+

Top non-repeatable levels by time:
     D:2: 1099 daAuts
     D:1: 1008 daAuts
     D:3: 6 daAuts
